 Dungeon Crawl Stone Soup version 0.23.2 (webtiles) character file.

Game seed: 5326685294580664048

296 myga the Digger (level 6, -6/46 HPs)
             Began as a Draconian Earth Elementalist on Apr 7, 2019.
             Mangled by Menkaure (22 damage)
             ... in an ossuary.
             The game lasted 00:20:57 (3802 turns).

myga the Digger (Draconian Earth Elementalist)      Turns: 3802, Time: 00:20:58

Health: -6/46      AC:  6    Str: 13 (14) XL:     6   Next: 12%
Magic:  7/12       EV: 12    Int: 14 (15) God:
Gold:   262        SH:  0    Dex: 11 (12) Spells: 3/13 levels left

rFire    + . .     SeeInvis .   f - +1 dagger
rCold    + + .     Gourm    .   (no shield)
rNeg     . . .     Faith    .   (armour unavailable)
rPois    .         Spirit   .   (helmet restricted)
rElec    .         Reflect  .   h - scarf {rC+ rF+}
rCorr    .         Harm     .   (no gloves)
MR       .....                  (no boots)
Stlth    ++........             (no amulet)
HPRegen  0.15/turn              o - ring of protection from cold
MPRegen  0.13/turn              d - +2 ring of strength

@: marked
A: unfitting armour, cold-blooded, AC +6
a: no special abilities


You were in an ossuary.
You were near starving.

You visited 1 branch of the dungeon, and saw 4 of its levels.
You also visited: Ossuary.

You collected 262 gold pieces.

Inventory:

Hand Weapons
 f - a +1 dagger (weapon)
Armour
 h - a scarf of resistance (worn)
Jewellery
 d - a +2 ring of strength (right hand)
 o - a ring of protection from cold (left hand)
Scrolls
 l - a scroll of immolation
 m - a scroll of fog
 n - a scroll of amnesia
Potions
 k - 2 potions of curing
Comestibles
 c - 10 rations


   Skills:
 + Level 0.3 Fighting
 + Level 0.3 Short Blades
 + Level 2.4 Dodging
 + Level 2.5 Stealth
 + Level 0.2 Unarmed Combat
 + Level 4.0 Spellcasting
 + Level 1.0 Transmutations
 + Level 4.7 Earth Magic


You had 3 spell levels left.
You knew the following spells:

 Your Spells              Type           Power        Failure   Level  Hunger
a - Sandblast             Erth           ###...       2%          1    None
b - Passwall              Tmut/Erth      ##......     9%          2    ##.....
c - Stone Arrow           Conj/Erth      #.....       22%         3    ###....
d - Petrify               Tmut/Erth      ##......     52%         4    ####...

Your spell library contained the following spells:

 Spells                   Type           Power        Failure   Level  Hunger
 Lee's Rapid Deconstruct  Erth           ###.......   58%         5    ######.


Dungeon Overview and Level Annotations

Branches:
Dungeon (4/15)
 Temple: D:4-7

Altars:
Kikubaaqudgha
Makhleb
Okawaru
Beogh

Annotations:
Ossuary Menkaure


Innate Abilities, Weirdness & Mutations

Your plain brown scales are hard. (AC +6)
You cannot fit into any form of body armour.
You are cold-blooded and may be slowed by cold attacks.


Message History

Confirm with . or Enter, or press ? or * to list all spells.
Aiming: Sandblast (safe; 2% risk of failure)
Press: ? - help, Shift-Dir - straight line, f - Menkaure
Aim: Menkaure You don't have any stones to cast with.
Casting: Sandblast (safe; 2% risk of failure)
Confirm with . or Enter, or press ? or * to list all spells.
Aiming: Sandblast (safe; 2% risk of failure)
Press: ? - help, Shift-Dir - straight line, f/p - Menkaure
Aim: Menkaure You don't have any stones to cast with.
Unknown command.
Unknown command.
Unknown command.
An orc skeleton comes into view.
You hit Menkaure but do no damage.
Menkaure gestures at you while chanting.
Pain shoots through your body!
You barely miss Menkaure. Menkaure hits you!!
You die...

##.^##..## ##..####..##
##..######..##
##^^##....##..##
##..##..##..##..##
##..##..####..##^.##
##..##..######..##..##
##..##..##....##..##^.##
##..##^.##.@##..##..##..##
##.^##..##ZM####..##..##.^##
##..##..##..##
##..##..##..##
##^.##..##.Z## ##..##..##^.#
##..##..##..## ##..##^.##..
##..##..##..## ##..##..##^
#..##^.##.Z## ##.^##..##
..##.^##..# ##.^##..#
.##..##..# ##^.##..


You could see Menkaure, a kobold zombie, a hobgoblin skeleton and an orc
skeleton.

Vanquished Creatures
  A hound (D:3)
  2 orc wizards (D:3)
  An orc priest (D:3)
  3 mummies (Ossuary)
  2 adders (D:3)
  An ooze (D:3)
  A worm (D:2)
  5 dart slugs
  3 leopard geckos
  An orc (D:3)
  9 giant cockroaches
  A gnoll zombie (Ossuary)
  12 hobgoblins
  5 quokkas
  2 ball pythons
  A ball python skeleton (D:4)
  8 bats
  5 frilled lizards
  6 gnoll skeletons (Ossuary)
  7 goblins
  A goblin skeleton (Ossuary)
  5 goblin zombies (Ossuary)
  4 hobgoblin skeletons (Ossuary)
  5 hobgoblin zombies (Ossuary)
  7 kobolds
  2 kobold skeletons (Ossuary)
  6 kobold zombies (Ossuary)
  4 orc skeletons (Ossuary)
  3 orc zombies (Ossuary)
  7 rats
  4 rat skeletons (Ossuary)
  3 rat zombies (Ossuary)
127 creatures vanquished.

Notes
Turn   | Place    | Note
-------+----------+-------------------------------------------
     0 | D:1      | myga the Draconian Earth Elementalist began the quest for
                  | the Orb.
     0 | D:1      | Reached XP level 1. HP: 14/14 MP: 3/3
    83 | D:1      | Reached XP level 2. HP: 17/20 MP: 0/5
   401 | D:1      | Learned a level 2 spell: Passwall
   922 | D:1      | Reached XP level 3. HP: 26/26 MP: 2/6
   953 | D:1      | Learned a level 3 spell: Stone Arrow
  1801 | D:2      | Reached XP level 4. HP: 33/33 MP: 5/8
  2381 | D:3      | Found a roughly hewn altar of Beogh.
  2412 | D:3      | Reached XP level 5. HP: 8/38 MP: 7/10
  2549 | D:3      | Learned a level 4 spell: Petrify
  3096 | D:3      | Found a burning altar of Makhleb.
  3267 | D:3      | Found an iron altar of Okawaru.
  3267 | D:3      | Found an ancient bone altar of Kikubaaqudgha.
  3348 | D:4      | Found a sand-covered staircase.
  3354 | Ossuary  | Entered an ossuary
  3746 | Ossuary  | Reached XP level 6. HP: 46/46 MP: 7/11
  3798 | Ossuary  | Noticed Menkaure
  3802 | Ossuary  | Mangled by Menkaure

Skill      XL: |  1  2  3  4  5  6 |
---------------+-------------------+-----
Stealth        | 2 |  2.5
Dodging        | 2 |  2.4
Earth Magic    | 4 |  4.7
Spellcasting   | 3 4 |  4.0
Fighting       | |  0.3
Short Blades   | |  0.3
Unarmed Combat | |  0.2
Transmutations | |  1.0

Action                   |  1- 3 |  4- 6 || total
-------------------------+-------+-------++-------
Melee: Unarmed           |    26 |       ||    26
       Tailslap          |    11 |    17 ||    28
       Mace              |    20 |       ||    20
       Dagger            |    55 |    96 ||   151
Throw: Stone             |       |     2 ||     2
 Cast: Sandblast         |    56 |    86 ||   142
       Stone Arrow       |     2 |     5 ||     7
       Passwall          |       |     1 ||     1
  Use: Potion            |       |     7 ||     7
       Scroll            |       |     6 ||     6
 Stab: Sleeping          |     6 |     5 ||    11
  Eat: Chunk             |     4 |     5 ||     9
Armor: Skin              |    31 |    28 ||    59
Dodge: Dodged            |    65 |    49 ||   114
